 Dungeon Crawl Stone Soup version 0.23.1 (webtiles) character file.

Game seed: 16164571196655553143

314 misha the Poker (level 6, 0/78 HPs)
             Began as a Merfolk Berserker on Mar 2, 2019.
             Was a Believer of Trog.
             Slain by a hound skeleton (2 damage)
             ... on level 4 of the Dungeon.
             The game lasted 00:05:40 (3924 turns).

misha the Poker (Merfolk Berserker)                 Turns: 3924, Time: 00:05:40

Health: 0/78       AC: 23    Str: 19    XL:     6   Next: 43%
Magic:  6/6        EV:  2    Int:  6    God:    Trog [**....]
Gold:   142        SH:  0    Dex: 14    Spells: 5/5 levels left

rFire    . . .     SeeInvis .   a - +0 spear
rCold    . . .     Gourm    .   (no shield)
rNeg     + + +     Faith    .   (armour currently unavailable)
rPois    +         Spirit   .   (helmet currently unavailable)
rElec    .         Reflect  .   (cloak currently unavailable)
rCorr    .         Harm     .   (gloves currently unavailable)
MR       .....     NoTele   +   (boots currently unavailable)
Stlth    +.........             (no amulet)
HPRegen  0.23/turn              (no ring)
MPRegen  0.10/turn              (no ring)

@: lethally poisoned (0 -> -2), tree-form
A: (change form in water), (swift swim), (stealthy swim)
a: Berserk, Trog's Hand, Renounce Religion


You were on level 4 of the Dungeon.
You worshipped Trog.
Trog was pleased with you.
You were not hungry.
You were a tree.
You visited 1 branch of the dungeon, and saw 4 of its levels.

You collected 142 gold pieces.

Inventory:

Hand Weapons
 a - a +0 spear (weapon)
Missiles
 i - 190 stones (quivered)
 l - a throwing net
Armour
 b - a +0 animal skin
 h - a cursed +0 leather armour (melded)
 w - the +1 robe of the Storm King {rElec Dex+7, unknown}
   (You found it on level 4 of the Dungeon)

   It affects your dexterity (+7).
   It insulates you from electricity.
Jewellery
 v - an uncursed amulet of faith {unknown}
Scrolls
 d - a scroll of noise {unknown}
 e - 4 scrolls of identify
 g - 3 scrolls of remove curse {unknown}
 n - a scroll of enchant armour {unknown}
 o - a scroll of magic mapping {unknown}
 s - a scroll of teleportation {unknown}
 t - a scroll of amnesia {unknown}
Potions
 f - a potion of might
 k - a potion of curing {unknown}
 m - a potion of agility {unknown}
 p - a potion of flight {unknown}
 q - 2 potions of heal wounds {unknown}
 r - a potion of haste {unknown}
 u - a potion of cancellation {unknown}
Comestibles
 c - 2 rations


   Skills:
 + Level 5.8 Fighting
 + Level 7.7 Polearms
 - Level 1.4 Armour
 - Level 2.8 Dodging


You had 5 spell levels left.
You didn't know any spells.
Your spell library was empty.

Dungeon Overview and Level Annotations

Branches:
Dungeon (4/15)
 Temple: D:4-7

Altars:
Qazlal
Xom


Message History

The hound skeleton bites you.
* * * LOW HITPOINT WARNING * * *
You hit the hound skeleton.
The hound skeleton is lightly damaged.
* * * LOW HITPOINT WARNING * * *
You feel sick. The hound skeleton closely misses you.
You hit the hound skeleton but do no damage.
The hound skeleton is lightly damaged.
The hound skeleton closely misses you.
You hit the hound skeleton.
The hound skeleton is moderately damaged.
The hound skeleton misses you.
You hit the hound skeleton.
The hound skeleton is moderately damaged.
* * * LOW HITPOINT WARNING * * *
You feel sick. The hound skeleton barely misses you.
It was a potion of lignification.
You turn into a tree.
Your cursed +0 leather armour melds into your body.
Your roots penetrate the ground.
The hound skeleton bites you.
You die...

#.# #.#.# #######
#.#.#.. ......# #.#.#..
......# #.#.#.####
......# #.#.#.#..
......# #.#.#.#.# # .
<.....# #.#.#.#.##.#...#
......# #.#.).))♣Z.....#
......###.#...).##.##..#
......'......#### #
.[....###.........
......# ##########
......# #######


You could see a hound skeleton.

Vanquished Creatures
  A hound (D:4)
  An orc wizard (D:4)
  A centaur skeleton (D:4)
  Natasha (thrice) (D:3)
  2 worker ants (D:4)
  4 adders
  2 worms
  2 dart slugs
  2 leopard geckos
  5 orcs
  4 giant cockroaches
  7 goblins
  4 hobgoblins
  2 quokkas
  11 bats
  4 frilled lizards
  6 kobolds
  3 rats
64 creatures vanquished.

Notes
Turn   | Place    | Note
-------+----------+-------------------------------------------
     0 | D:1      | misha the Merfolk Berserker began the quest for the Orb.
     0 | D:1      | Reached XP level 1. HP: 18/18 MP: 1/1
    54 | D:1      | Reached XP level 2. HP: 24/24 MP: 2/2
   787 | D:2      | Reached skill level 5 in Polearms
  1275 | D:2      | Reached XP level 3. HP: 24/30 MP: 3/3
  1482 | D:2      | Reached ** piety under Trog
  2035 | D:2      | Reached XP level 4. HP: 37/37 MP: 4/4
  2356 | D:3      | Reached skill level 6 in Polearms
  2547 | D:3      | Found a shimmering altar of Xom.
  2574 | D:3      | Noticed Natasha
  2586 | D:3      | Killed Natasha
  2605 | D:3      | Noticed Natasha
  2614 | D:3      | Killed Natasha
  2614 | D:3      | Reached XP level 5. HP: 25/43 MP: 5/5
  3002 | D:3      | Noticed Natasha
  3014 | D:3      | Killed Natasha
  3014 | D:3      | Reached skill level 5 in Fighting
  3269 | D:3      | Found a stormy altar of Qazlal.
  3549 | D:4      | Reached skill level 7 in Polearms
  3559 | D:4      | Reached XP level 6. HP: 26/51 MP: 6/6
  3836 | D:4      | Got a tattered robe
  3919 | D:4      | HP: 2/52 [hound skeleton (3)]
  3924 | D:4      | Slain by a hound skeleton

Skill      XL: |  1  2  3  4  5 |
---------------+----------------+-----
Polearms       | 5 6 7 |  7.7
Fighting       | 4 5 |  5.8
Armour         | |  1.4
Dodging        | |  2.8

Action                   |  1- 3 |  4- 6 || total
-------------------------+-------+-------++-------
Melee: Spear             |   134 |   166 ||   300
Invok: Berserk           |       |     2 ||     2
  Use: Scroll            |     1 |       ||     1
       Potion            |       |     1 ||     1
 Stab: Sleeping          |     1 |     2 ||     3
  Eat: Chunk             |     1 |     2 ||     3
       Ration            |     1 |     2 ||     3
Armor: Animal skin       |     3 |       ||     3
       Leather armour    |    17 |    24 ||    41
Dodge: Dodged            |    47 |    67 ||   114
